 Dungeon Crawl Stone Soup version 0.29.1-12-g30fa7ad0bf (webtiles) character file.

Game seed: 17732078932799128543

1176 FexLirch the Cudgeller (level 8, -8/68 HPs)
             Began as a Palentonga Fighter on Dec 30, 2022.
             Killed by divine providence
             ... invoked by an orc priest
              (9 damage)
             ... on level 5 of the Dungeon.
             The game lasted 00:09:50 (4911 turns).

FexLirch the Cudgeller (Palentonga Fighter)         Turns: 4911, Time: 00:09:51

Health: -8/68      AC: 14    Str: 24      XL:     8   Next: 18%
Magic:  8/8        EV:  7    Int:  8      God:
Gold:   180        SH: 10    Dex: 15 (16) Spells: 7/7 levels left

rFire   + . .      SeeInvis +   B - +0 morningstar
rCold   + . .      Faith    .   c - +0 buckler
rNeg    . . .      Spirit   .   b - +0 scale mail
rPois   .          Reflect  +   (no helmet)
rElec   .          Harm     .   i - scarf {rC+ rF+}
rCorr   .          Rampage  .   x - +0 pair of gloves
Will    .....                   (no barding)
Stlth   ..........              u - amulet of reflection
HPRegen 0.21/turn               o - +6 ring of dexterity
MPRegen 0.11/turn               q - ring of wizardry

@: hasted, curled up, very quick
A: large, rugged brown scales 3, see invisible, deformed body, roll 1, armoured
tail, reflexive curl
a: Rolling Charge


You were on level 5 of the Dungeon.
You visited 1 branch of the dungeon, and saw 5 of its levels.

You collected 315 gold pieces.
You spent 135 gold pieces at shops.

Inventory:

Hand Weapons
 s - a +0 war axe
 B - a +0 morningstar (weapon)
Missiles
 f - 29 stones
 y - 4 poisoned darts
Armour
 b - a +0 scale mail (worn)
 c - a +0 buckler (worn)
 i - a scarf of resistance (worn)
 x - a +0 pair of gloves (worn)
Jewellery
 h - a ring of fire
 o - a +6 ring of dexterity (left hand)
 q - a ring of wizardry (right hand)
 u - an amulet of reflection (around neck)
Wands
 t - a wand of acid (6)
 w - a wand of flame (6)
 A - a wand of roots (7)
Scrolls
 a - a scroll of silence {unknown}
 d - 2 scrolls of enchant weapon {unknown}
 g - a scroll of teleportation {unknown}
 l - a scroll of immolation {unknown}
 m - 10 scrolls of identify {unknown}
 v - a scroll of blinking {unknown}
 z - 2 scrolls of vulnerability {unknown}
 E - 2 scrolls of magic mapping {unknown}
 F - a scroll of summoning {unknown}
 G - a scroll of noise {unknown}
 H - a scroll of amnesia {unknown}
Potions
 e - a potion of lignification {unknown}
 j - a potion of resistance {unknown}
 k - 2 potions of haste
 n - a potion of brilliance {unknown}
 r - 2 potions of curing {unknown}
 C - a potion of magic {unknown}
 D - a potion of heal wounds {unknown}


   Skills:
 + Level 5.7 Fighting
 * Level 7.2 Maces & Flails
 - Level 2.4 Armour
 + Level 5.1 Shields


You had 7 spell levels left.
You didn't know any spells.
Your spell library contained the following spells:

 Spells                   Type           Power      Damage    Failure   Level
 Foxfire                  Conj/Fire      0%         2x1d4     45%         1
 Static Discharge         Conj/Air       0%         3-3/arc   58%         2
 Conjure Flame            Conj/Fire      0%         6-21      80%         3
 Inner Flame              Hex/Fire       0%         N/A       80%         3
 Dispel Undead            Necr           0%         3d6       99%         4
 Flame Wave               Conj/Fire      0%         2d4       99%         4
 Sticky Flame             Conj/Fire      0%         2d3       99%         4


Dungeon Overview and Level Annotations

Branches:
Dungeon (5/15)
 Temple: D:4-7

Altars:
Ashenzari
Zin

Shops:
D:1 (   D:2 *   D:3 =

Annotations:
D:3 exclusion: downstairs


Innate Abilities, Weirdness & Mutations

You are completely covered in rugged brown scales. (AC +3, +7% HP)
You have supernaturally acute eyesight. (SInv)
Armour fits poorly on your strangely shaped body.
You can roll at nearby foes to attack.
You have a long armoured tail.
You curl defensively after being hit. (AC +7*)


Message History

The orc wizard gestures at you while chanting.
The magic dart hits you.
You barely miss the orc wizard. You sock the orc wizard!
The orc wizard is heavily wounded.
The orc wizard hits you but does no damage.
You barely miss the orc wizard.
The orc wizard is moderately wounded.
The orc wizard barely misses you.
You closely miss the orc wizard.
The orc wizard is moderately wounded.
You barely miss the orc wizard.
The orc wizard is moderately wounded.
The orc wizard hits you but does no damage.
You thump the orc wizard!
The orc wizard is severely wounded.
The orc wizard points at you and mumbles some strange words.
The puff of flame reflects off an invisible shield around you!
The puff of flame hits the orc wizard!
You kill the orc wizard!
The orc priest mumbles some strange prayers to Beogh against you.
Pain shoots through your body!
* * * LOW HITPOINT WARNING * * *
Roll where?
Press: ? - help, Dir - move target, f - orc priest
Aim: an orc priest, wielding a +0 hand axe You roll forward with a clatter of scales!
You hit the orc priest.
The orc priest is moderately wounded.
The orc priest calls down the wrath of Beogh upon you.
Beogh smites you!
* * * LOW HITPOINT WARNING * * *
Okay, then.
Unknown command.
Unknown command.
You closely miss the orc priest. You tail-slap the orc priest.
The orc priest is heavily wounded.
The orc priest invokes the aid of Beogh against you.
Beogh smites you!
You die...

.#####†## # ..# .#
#....## #..
######.#.# #.#
.....#...## #..
####.##.^.## #.#
#.#.....# #.#
#.##...## #)#
#.###.########.#
####...........○@o#
.....###.##########
.....# #.# ######
#.# #.# ###.# #...#
# ###...###
####.......#


You could see an orc priest.

Vanquished Creatures
  Grinder (D:5)
  Eustachio (D:5)
  An ice beast (D:5)
  An ogre (D:5)
  A phantom (D:4)
  A bullfrog (D:4)
  A scorpion (D:5)
  2 quasits (D:5)
  4 orc priests
  2 orc wizards (D:5)
  Natasha (twice) (D:3)
  5 adders
  3 gnolls (D:5)
  3 shadow imps (D:5)
  2 white imps (D:5)
  2 ufetubi (D:5)
  A worm (D:2)
  2 dart slugs
  9 orcs
  6 bats
  3 endoplasms
  A giant cockroach (D:4)
  6 goblins
  10 hobgoblins
  4 kobolds
  A quokka (D:1)
  9 ball pythons
  4 frilled lizards
  3 rats
91 creatures vanquished.

Vanquished Creatures (others)
  A plant (D:5)
1 creature vanquished.

Grand Total: 92 creatures vanquished

Notes
Turn   | Place    | Note
-------+----------+-------------------------------------------
     0 | D:1      | FexLirch the Palentonga Fighter began the quest for the
                  | Orb.
     0 | D:1      | Reached XP level 1. HP: 19/19 MP: 1/1
   302 | D:1      | Reached XP level 2. HP: 25/25 MP: 2/2
   355 | D:1      | Found a faded altar of an unknown god.
   745 | D:1      | Found Sihaoxi's Weapon Shop.
  1105 | D:2      | Reached XP level 3. HP: 26/31 MP: 3/3
  1239 | D:2      | Reached skill level 3 in Maces & Flails
  1297 | D:2      | Found Numy's Assorted Antiques.
  1930 | D:3      | Noticed Natasha
  2007 | D:3      | Found Worrask's Jewellery Shoppe.
  2014 | D:3      | Reached XP level 4. HP: 23/39 MP: 4/4
  2173 | D:3      | Found a glowing silver altar of Zin.
  2195 | D:3      | Found a broken altar of Ashenzari.
  2290 | D:2      | Bought a dented lapis lazuli amulet for 135 gold pieces
  2371 | D:3      | Killed Natasha
  2617 | D:3      | Reached XP level 5. HP: 42/44 MP: 5/5
  2675 | D:3      | Noticed Natasha
  2679 | D:3      | Killed Natasha
  2680 | D:3      | Reached skill level 4 in Maces & Flails
  2964 | D:4      | Noticed an ogre
  3145 | D:5      | Entered Level 5 of the Dungeon
  3362 | D:4      | Noticed a phantom
  3375 | D:4      | Killed a phantom
  3376 | D:4      | Reached XP level 6. HP: 48/51 MP: 6/6
  3514 | D:4      | Reached skill level 5 in Maces & Flails
  3738 | D:5      | Noticed an ice beast
  3757 | D:5      | Killed an ice beast
  3758 | D:5      | Gained mutation: You curl defensively after being hit. (AC
                  | +7*) [Palentonga growth]
  3758 | D:5      | Reached XP level 7. HP: 38/58 MP: 7/7
  4298 | D:5      | Noticed Eustachio
  4309 | D:5      | Killed Eustachio
  4310 | D:5      | Reached skill level 5 in Fighting
  4310 | D:5      | Reached skill level 6 in Maces & Flails
  4709 | D:5      | Noticed Grinder
  4735 | D:5      | Killed Grinder
  4736 | D:5      | Reached skill level 7 in Maces & Flails
  4736 | D:5      | Reached skill level 5 in Shields
  4736 | D:5      | Reached XP level 8. HP: 44/67 MP: 8/8
  4910 | D:5      | HP: 1/68 [orc priest/divine providence (14)]
  4911 | D:5      | Killed from afar by an orc priest

Illustrated notes

Levels and vault maps discovered:
D:1:      dpeg_arrival_three_bigger_balls, layout_loops_ring,
          nicolae_ecumenical_lake_church, serial_shops,
          nicolae_shop_bloodbath_and_beyond, st_stairs_5
D:2:      layout_basic, serial_shops,
          nicolae_shop_temple_entry_statues_fountains, grunt_decor_mini_mirrors,
          nrook_mini_vaults
D:3:      layout_basic, mainiacjoe_overflow_large_starburst, serial_shops, shop,
          uniq_natasha
D:4:      layout_basic, uniq_sigmund
D:5:      layout_loops_corners, serial_demonic, serial_demonic_f,
          serial_demonic_b, serial_demonic_b, serial_demonic_e,
          saegor_snake_ambush, uniq_grinder, uniq_eustachio

Skill      XL: |  1  2  3  4  5  6  7 |
---------------+----------------------+-----
Shields        | 3 4 5 |  5.1
Maces & Flails | 3 4 5 7 |  7.2
Fighting       | 4 5 |  5.7
Armour         | |  2.4

Action                   |  1- 3 |  4- 6 |  7- 9 || total
-------------------------+-------+-------+-------++-------
Melee: Flail             |   116 |    85 |    37 ||   238
       Tailslap          |    12 |    10 |    12 ||    34
       Morningstar       |       |       |    84 ||    84
 Abil: Rolling Charge    |     1 |     4 |     9 ||    14
  Use: Potion            |       |     1 |     1 ||     2
Armor: Scale mail        |    60 |    23 |    61 ||   144
Dodge: Dodged            |    50 |    25 |    33 ||   108
Block: Buckler           |    25 |    30 |    83 ||   138
       Reflection        |       |     1 |     2 ||     3
